Selects Special Operations Battlegroup
Construct Weapon Support Center
Selects M29 Weasel with M1 Pack Howitzer
Construct Medical Station
M1918 Browning Automatic Rifles
Improved M9 Bazooka Rockets
Selects P-47 Anti-Infantry Loiter
P-47 Anti-Infantry Loiter
Selects SSF Commando Squad
M29 Weasel with M1 Pack Howitzer
Selects Assault Operation
Selects Assault Operation
P-47 Anti-Infantry Loiter
Selects M4A1 Sherman Whizbang
P-47 Anti-Infantry Loiter